Map: King's Cove LE

Players

Bly - Winner!

  • Race: Zerg Zerg
  • Spawn Location: 5:00

RiSky

  • Race: Zerg Zerg
  • Spawn Location: 11:00

Event: 2019 WCS Spring

VOD

Have the link to the VOD?

Description

Time

  • Played on: May 17, 2019, 2:42 p.m.
  • Length: 11:50

All games in this series

Show
View Real Time Build Order
Export as new Build Order

Bly Zerg - Winner!

Build Orders: Hatch First 

Get SALT Encoding   

  12  0:05  Drone  
  13  0:13  Overlord  
  13  0:19  Drone  
  14  0:32  Drone x2  
  16  0:48  Hatchery  
  15  0:52  Drone  
  15  0:56  Drone  
  17  0:59  Drone  
  18  1:10  Extractor  
  17  1:15  Spawning Pool  
  16  1:18  Drone  
  16  1:21  Drone  
  18  1:30  Drone  
  19  1:44  Drone  
  20  1:52  Overlord  
  20  2:02  Queen x2  
  20  2:03  Zergling x4  
  26  2:17  Drone x2  
  28  2:26  Drone x2  
  30  2:33  Overlord  
  30  2:35  Drone  
  31  2:40  Evolution Chamber  
  31  2:42  Queen  
  32  2:44  Overlord  
  32  2:50  Drone  
  33  2:56  Evolution Chamber  
  32  3:00  Drone x2  
  34  3:10  Zerg Melee Weapons Level 1  
  34  3:16  Drone x3  
  34  3:17  Drone x3  
  40  3:23  Zerg Ground Armor Level 1  
  40  3:30  Roach Warren  
  39  3:42  Evolution Chamber  
  39  3:46  Queen  
  39  3:48  Zergling x8  
  42  3:56  Metabolic Boost  
  42  3:59  Evolution Chamber  
  41  4:06  Zergling x10  
  45  4:17  Zergling x2  
  45  4:18  Zergling x8  
  48  4:35  Zergling x4  
  50  4:41  Hatchery  
  49  4:48  Zergling x4  
  52  4:52  Zergling x2  
  52  4:54  Overlord x3  
  52  5:14  Hatchery  
  52  5:15  Zergling x10  
  56  5:27  Drone x4  
  60  5:34  Drone x3  
  62  5:44  Zergling x6  
  57  5:54  Zergling x10  
  55  6:00  Zergling x2  
  55  6:04  Lair  
  55  6:05  Extractor  
  51  6:12  Zergling x12  
  57  6:22  Zergling x10  
  60  6:25  Queen  
  57  6:41  Drone  
  57  6:42  Drone x2  
  57  6:45  Roach x3  
  57  6:46  Roach  
  68  6:51  Roach x7  
  80  7:04  Roach  
  80  7:05  Zergling x12  
  84  7:14  Zergling x12  
  81  7:41  Roach  
  81  7:42  Roach x2  
  81  7:44  Overlord  
  87  7:48  Overlord x2  
  87  7:53  Overlord  
  87  7:55  Overlord  
  86  8:05  Glial Reconstitution, Drone x9  
  95  8:06  Extractor  
  95  8:07  Extractor  
  93  8:15  Overlord  
  88  8:28  Ravager  
  88  8:29  Ravager x2  
  88  8:34  Zergling x22  
  102  8:41  Ravager  
  103  8:56  Overlord  
  103  9:05  Overlord, Zerg Missile Weapons Level 1  
  103  9:14  Drone x14  
  103  9:16  Extractor  
  116  9:18  Overlord  
  116  9:19  Extractor  
  116  9:23  Overlord  
  115  9:32  Spire  
  114  9:43  Overlord  
  114  9:45  Overlord  
  114  9:53  Overlord  
  112  10:00  Hatchery  
  112  10:04  Overlord  
  111  10:12  Roach x4  
  111  10:13  Roach x4  
  127  10:22  Roach x4  
  121  10:48  Mutalisk x8  
  126  10:56  Mutalisk x3  
  123  11:06  Mutalisk  
  123  11:07  Mutalisk  
  127  11:20  Mutalisk x3  
Show
View Real Time Build Order
Export as new Build Order

RiSky Zerg 

Build Orders: Hatch First 

Get SALT Encoding   

  12  0:00  Drone  
  13  0:12  Overlord  
  13  0:18  Drone  
  14  0:31  Drone x2  
  16  0:49  Hatchery  
  15  0:53  Drone  
  15  0:56  Drone  
  17  1:00  Drone  
  18  1:10  Extractor  
  17  1:15  Spawning Pool  
  17  1:18  Drone  
  17  1:21  Drone  
  18  1:28  Drone  
  19  1:39  Drone  
  20  1:49  Overlord  
  20  2:00  Drone  
  21  2:01  Drone  
  21  2:02  Queen x2  
  26  2:11  Drone x2  
  26  2:14  Metabolic Boost  
  28  2:22  Zergling x2  
  29  2:23  Zergling x2  
  30  2:33  Zergling x2  
  31  2:39  Hatchery  
  31  2:42  Drone  
  31  2:45  Overlord  
  31  2:52  Baneling Nest  
  31  2:54  Drone  
  31  3:02  Zergling x4  
  33  3:09  Drone x2  
  36  3:12  Zergling x2  
  36  3:14  Drone  
  36  3:15  Zergling x6  
  36  3:17  Zergling x2  
  42  3:20  Zergling x2  
  42  3:24  Overlord  
  42  3:33  Evolution Chamber  
  41  3:35  Zergling x4  
  41  3:39  Overlord  
  43  3:43  Drone x3  
  43  3:44  Drone  
  43  3:46  Drone  
  43  3:47  Drone  
  49  3:49  Drone  
  49  3:51  Drone  
  49  3:55  Drone  
  52  4:00  Drone  
  52  4:02  Drone  
  52  4:04  Zerg Missile Weapons Level 1  
  52  4:05  Drone  
  51  4:11  Drone  
  51  4:12  Drone  
  51  4:13  Lair  
  51  4:14  Drone  
  53  4:18  Drone  
  53  4:19  Zergling x2  
  53  4:22  Drone x2  
  55  4:27  Zergling x4  
  55  4:30  Roach Warren  
  55  4:31  Zergling x2  
  55  4:34  Zergling x4  
  55  4:36  Zergling x2  
  55  4:38  Extractor  
  58  4:39  Extractor  
  58  4:40  Zergling x2  
  58  4:51  Drone x2  
  58  4:52  Overlord  
  60  4:54  Drone  
  60  4:56  Zergling x8  
  60  4:58  Overlord  
  65  5:03  Overlord  
  65  5:10  Roach x2  
  65  5:11  Roach x2  
  73  5:14  Overseer  
  73  5:16  Glial Reconstitution  
  73  5:19  Overlord  
  73  5:23  Roach x2  
  73  5:27  Zergling x4  
  73  5:28  Zergling x8  
  83  5:33  Overlord  
  83  5:35  Roach  
  85  5:40  Roach x2  
  82  5:43  Zergling x2  
  82  5:46  Zergling x2  
  82  5:47  Zergling x4  
  71  5:51  Ravager x2  
  69  5:58  Zergling x10  
  69  6:01  Evolution Chamber  
  69  6:05  Nydus Network  
  69  6:08  Roach x3  
  72  6:12  Roach x3  
  72  6:17  Roach x2  
  80  6:22  Roach  
  81  6:28  Roach x2  
  81  6:29  Roach  
  81  6:30  Roach  
  88  6:41  Nydus Canal  
  88  6:45  Roach x3  
  94  6:47  Roach  
  94  6:53  Roach x2  
  99  7:05  Roach  
  99  7:06  Roach x2  
  99  7:07  Roach  
  95  7:12  Roach x2  
  97  7:21  Roach  
  91  7:24  Overlord  
  91  7:25  Drone x2  
  90  7:34  Nydus Canal  
  90  7:35  Drone x2  
  90  7:36  Drone  
  87  7:37  Drone  
  87  7:38  Drone x2  
  87  7:41  Hatchery, Zerg Missile Weapons Level 2  
  83  7:47  Drone x2  
  83  7:49  Extractor  
  84  7:52  Roach x2  
  84  7:53  Overseer  
  90  7:58  Roach  
  90  8:08  Drone x6  
  90  8:12  Drone  
  97  8:19  Overlord  
  96  8:21  Zerg Ground Armor Level 1  
  96  8:26  Overlord  
  96  8:28  Roach  
  96  8:30  Overlord  
  96  8:32  Overlord  
  98  8:35  Overlord  
  98  8:36  Ravager  
  99  8:41  Overlord  
  99  8:44  Roach  
  99  8:47  Roach  
  103  8:50  Drone x2  
  103  8:53  Roach  
  103  8:54  Roach  
  109  8:57  Roach  
  111  9:04  Queen  
  111  9:05  Roach  
  111  9:07  Extractor  
  111  9:08  Roach  
  116  9:13  Roach  
  116  9:15  Ravager x2  
  120  9:17  Roach  
  120  9:20  Pneumatized Carapace  
  120  9:22  Roach  
  124  9:24  Roach x2  
  124  9:27  Roach  
  130  9:32  Roach x2  
  130  9:36  Roach x2  
  130  9:38  Roach  
  140  9:41  Roach x2  
  140  9:45  Overlord x2  
  144  9:51  Overlord  
  144  9:53  Overlord  
  144  9:55  Overlord  
  144  9:58  Overlord x2  
  144  10:05  Roach x2  
  144  10:06  Roach x2  
  152  10:14  Roach x4  
  160  10:18  Roach x2  
  164  10:23  Roach x2  
  145  10:57  Roach  
  145  10:58  Roach x9  
  165  11:04  Overseer  
  165  11:07  Roach x2  
  169  11:13  Queen  
  171  11:22  Roach x3  
  177  11:30  Nydus Canal  
Tags
 
Add a new tag
Caveats
  • Supply blocks, unpowered buildings, or Contaminate may cause inaccurate times.
  • Supply counts are checked every 10 seconds.